 Dungeon Crawl Stone Soup version 0.21.1-1-g345015f (webtiles) character file.

80332 empire the Carver (level 15, -7/189 HPs)
             Began as a Minotaur Fighter on Apr 16, 2018.
             Was the Champion of Cheibriados.
             Mangled by an orc warrior
             ... wielding a cursed -3 flail
              (11 damage)
             ... on level 2 of the Orcish Mines.
             The game lasted 01:12:28 (23303 turns).

empire the Carver (Minotaur Fighter)               Turns: 23303, Time: 01:12:30

Health: -7/189     AC: 27    Str: 41    XL:     15   Next: 23%
Magic:  13/21      EV:  2    Int: 21    God:    Cheibriados [******]
Gold:   1957       SH:  0    Dex: 29    Spells: 20/24 levels left

rFire    . . .     SeeInvis .   a - +7 scimitar (flame)
rCold    . . .     Gourm    .   X - +0 shield
rNeg     + + +     Faith    .   (armour currently unavailable)
rPois    +         Spirit   .   (helmet currently unavailable)
rElec    .         Reflect  .   (cloak currently unavailable)
rCorr    .         Harm     .   (gloves currently unavailable)
MR       +....     NoTele   +   (boots currently unavailable)
Stlth    +.........             T - amulet of magic regeneration
HPRegen  0.41/turn              t - +4 ring of strength
MPRegen  0.42/turn              i - +1 ring of slaying

@: confused, tree-form, very slow
A: (retaliatory headbutt)
a: Bend Time, Temporal Distortion, Slouch, Step From Time, Renounce Religion


You were on level 2 of the Orcish Mines.
You worshipped Cheibriados.
Cheibriados was exalted by your worship.
You were hungry.
You were a tree.
You visited 4 branches of the dungeon, and saw 22 of its levels.
You also visited: Sewer and Ice Cave.

You collected 2490 gold pieces.
You spent 533 gold pieces at shops.

Inventory:

Hand Weapons
 a - a +7 scimitar of flaming (weapon)
 j - a +1 great sword of slicing
 m - a +2 dagger of distortion
 I - a +2 dire flail of crushing
 J - a +4 great mace of protection
Missiles
 o - 4 poisoned javelins (quivered)
 D - 7 exploding tomahawks
 G - 6 curare-tipped needles
 K - 8 javelins of penetration
Armour
 e - a +2 pair of gloves (melded)
 r - a +2 pair of boots (melded)
 U - a +0 plate armour (melded)
 V - a scarf of spirit shield (melded)
 X - a +0 shield (worn)
 Z - a +2 hat (melded)
Jewellery
 i - a +1 ring of slaying (right branch)
 t - a +4 ring of strength (left branch)
 u - an uncursed ring of fire
 v - an uncursed ring of protection from magic
 z - the ring "Xeraisif" {rCorr MP+9}
   (You found it in an ice cave)

   [ring of resist corrosion]

   It affects your magic capacity (+9).
 B - an uncursed ring of see invisible
 C - an uncursed ring of poison resistance
 L - an uncursed ring of ice
 R - an uncursed ring of ice
 T - an amulet of magic regeneration (around neck)
Wands
 c - a wand of enslavement (14)
 g - a wand of flame (67)
 y - a wand of polymorph (32)
 F - a wand of digging (37)
 H - a wand of disintegration (25)
 M - a wand of paralysis (14)
Scrolls
 b - a scroll of immolation
 d - 7 scrolls of teleportation
 h - 8 scrolls of remove curse
 p - 7 scrolls of fog
 w - 3 scrolls of magic mapping
 x - a scroll of noise
 O - 4 scrolls of fear
 Q - a scroll of blinking
Potions
 k - a potion of curing
 q - 3 potions of flight
 s - 3 potions of invisibility
 A - a potion of ambrosia
 E - 2 potions of agility
Miscellaneous
 n - a lamp of fire (inert)
Comestibles
 f - 46 rations
 N - 4 chunks of flesh


   Skills:
 - Level 10.0 Fighting
 - Level 12.0 Long Blades
 - Level 12.0 Throwing
 - Level 10.0 Armour
 - Level 10.0 Dodging
 - Level 10.0 Shields
 + Level 5.1 Spellcasting
 - Level 10.0 Invocations
 - Level 10.0 Evocations


You had 20 spell levels left.
You knew the following spells:

 Your Spells              Type           Power        Failure   Level  Hunger
a - Blink                 Tloc           N/A          30%         2    None
b - Call Imp              Summ           #.......     30%         2    None


Dungeon Overview and Level Annotations

Branches:
Dungeon (13/15)            Temple (1/1) D:4            Lair (6/6) D:11
  Swamp (0/4) Lair:3       Spider (0/4) Lair:2        Slime (0/5) Lair:6
    Orc (2/2) D:9             Elf (0/3) Orc:2
 Vaults: D:13-14

Altars:
Ashenzari
Cheibriados
Dithmenos
Elyvilon
Fedhas
Gozag
Hepliaklqana
Kikubaaqudgha
Makhleb
Nemelex Xobeh
Okawaru
Qazlal
Ru
Sif Muna
Trog
Uskayaw
Vehumet
Wu Jian
Xom
Yredelemnul
Zin
The Shining One

Shops:
D:8 *[(   D:9 *   D:10 :


Innate Abilities, Weirdness & Mutations

((You reflexively headbutt those who attack you in melee.))
((You have a pair of horns on your head.))


Message History

You slash the orc priest! You burn the orc priest.
The orc priest is almost dead.
The orc priest calls upon Beogh to heal the orc knight.
The orc knight is healed somewhat.
The orc knight hits you but does no damage.
The orc warrior hits you from afar with a glaive!!
* * * LOW HITPOINT WARNING * * *
You feel better.
The orc priest calls upon Beogh to heal the orc knight.
The orc knight is healed somewhat.
You block the orc warrior's attack.
The orc knight hits you but does no damage.
You block the orc warrior's attack.
You are confused.
You feel invigorated.
The orc priest no longer looks unusually strong.
The orc priest calls down the wrath of Beogh upon you.
Beogh smites you!
* * * LOW HITPOINT WARNING * * *
The orc warrior hits you with a flail!
You die...

....#.## ###..................
.....### ####..................
....##.## ##.#...................
.....#..# #.........[.)..........
.#......####.....#...............
###.......####.#.#............#..
##.........####..o........
##..........###.oo........
#.......^.####..♣oo.......
##........###.)))..#.....
.#........#.#...#.#..)..
.............#.#........
......###.#.#####.#..... ...##.#
##### ....... ..##### ......# .##
.##### ##


You could see an orc knight, 2 orc warriors, an orc priest and an orc.

Vanquished Creatures
  Rupert (Orc:2)
  Gastronok (Orc:1)
  Azrael (D:13)
  An ettin (Orc:2)
  A fire dragon (Lair:6)
  The ghost of Totori the Transmogrifier, a journeyman DrTm of Lugonu (Lair:1)
  A rakshasa (D:12)
  2 ice dragons (IceCv)
  7 hydras
  A two-headed ogre (D:8)
  A centaur warrior (D:10)
  2 orc high priests (Orc:2)
  Urug (Lair:4)
  Sonja (Orc:2)
  A fire crab (Lair:6)
  The ghost of Agrougrou the Cleaver, a novice DsFi of Okawaru (D:8)
  An unseen horror (D:10)
  A lindwurm (Lair:6)
  An orc knight (Orc:2)
  9 deep elf magi (Orc:1)
  An orc sorcerer (Orc:1)
  An ugly thing (D:11)
  3 oklob plants
  A necromancer (Lair:2)
  A wolf spider (Lair:1)
  4 manticores
  2 cyclopes
  7 black mambas
  16 elephants
  2 ice statues (IceCv)
  3 molten gargoyles (Lair:6)
  A torpor snail (Lair:3)
  A gargoyle (D:13)
  4 rime drakes
  12 spiny frogs
  4 komodo dragons
  2 ice devils (D:13)
  A troll (D:13)
  A queen bee (D:10)
  4 polar bears
  11 slime creatures
  4 blink frogs (Lair:6)
  14 hippogriffs
  Sigmund (D:2)
  62 yaks
  A shadow (D:13)
  A centaur simulacrum (D:13)
  4 wyverns
  7 basilisks
  3 fire elementals (D:13)
  A wraith (D:12)
  4 vampire mosquitoes (D:13)
  3 steam dragons
  A hungry ghost (D:8)
  8 water moccasins
  6 porcupines
  7 hell hounds
  A swamp drake (Lair:3)
  17 orc warriors
  3 sky beasts
  20 ice beasts
  12 ogres
  3 phantoms
  2 necrophages
  9 wolves
  10 centaurs
  8 crocodiles
  15 bullfrogs
  A big kobold (D:12)
  7 scorpions
  26 killer bees
  13 wights
  3 howler monkeys
  5 electric eels
  4 centaur zombies
  5 crimson imps
  5 lava snakes (Lair:6)
  A wyvern simulacrum (D:13)
  A bullfrog zombie (D:11)
  6 jellies
  8 hounds
  26 orc priests
  3 bullfrog skeletons
  27 orc wizards
  6 iguanas
  6 worker ants
  A merfolk siren (Sewer)
  3 yak simulacra (Lair:2)
  A merfolk avatar (Sewer)
  3 polar bear simulacra (Lair:2)
  A killer bee zombie (D:7)
  3 wolf simulacra (Lair:2)
  3 hound skeletons
  5 worker ant zombies
  Robin (D:4)
  7 gnolls (D:9)
  A howler monkey skeleton (D:5)
  17 adders
  2 river rats (Sewer)
  3 shadow imps
  4 white imps (D:13)
  An ufetubus (D:13)
  5 oozes (D:13)
  2 adder skeletons (D:3)
  An adder zombie (D:6)
  7 worms
  8 leopard geckos
  89 orcs
  6 ball pythons
  12 giant cockroaches
  10 goblins
  9 hobgoblins
  3 jackals (D:3)
  11 kobolds
  8 quokkas
  8 bats
  11 frilled lizards
  A jackal skeleton (D:3)
  A jackal zombie (D:3)
  A quokka skeleton (D:6)
  32 rats
  2 river rat simulacra (Lair:2)
  2 bushes
  5 fungi
  15 plants
803 creatures vanquished.

Vanquished Creatures (collateral kills)
  3 orcs (Orc:2)
3 creatures vanquished.

Vanquished Creatures (others)
  An orc (Orc:2)
  25 fungi
  40 plants
66 creatures vanquished.

Grand Total: 872 creatures vanquished

Notes
Turn   | Place    | Note
-------+----------+-------------------------------------------
     0 | D:1      | empire the Minotaur Fighter began the quest for the Orb.
     0 | D:1      | Reached XP level 1. HP: 19/19 MP: 0/0
   103 | D:1      | Reached XP level 2. HP: 19/27 MP: 1/1
   728 | D:2      | Noticed Sigmund
   734 | D:2      | Killed Sigmund
   734 | D:2      | Reached XP level 3. HP: 16/33 MP: 2/2
   734 | D:2      | Reached XP level 4. HP: 20/40 MP: 3/3
   734 | D:2      | Reached XP level 5. HP: 23/46 MP: 4/4
  1402 | D:3      | Found a glowing drain.
  1413 | Sewer    | Entered a sewer
  1553 | Sewer    | Reached XP level 6. HP: 42/52 MP: 5/5
  2173 | D:3      | Found a bloodstained altar of Trog.
  2416 | D:3      | Reached skill level 1 in Dodging
  2679 | D:4      | Found an iron altar of Okawaru.
  2730 | D:4      | Noticed Robin
  2769 | D:4      | Reached XP level 7. HP: 43/58 MP: 6/6
  2999 | D:4      | Reached skill level 5 in Armour
  2999 | D:4      | Reached skill level 5 in Shields
  3525 | D:4      | Found a staircase to the Ecumenical Temple.
  3535 | D:4      | Reached skill level 5 in Dodging
  3592 | Temple   | Entered the Ecumenical Temple
  3684 | D:4      | Killed Robin
  3715 | D:4      | Reached XP level 8. HP: 53/66 MP: 7/7
  3937 | D:4      | Reached skill level 5 in Fighting
  4334 | D:5      | Entered Level 5 of the Dungeon
  4710 | D:5      | Found a burning altar of Makhleb.
  5344 | D:6      | Found a basalt altar of Yredelemnul.
  5344 | D:6      | Found a hide-covered altar of Uskayaw.
  5368 | D:6      | Found a bloodstained altar of Trog.
  5378 | D:6      | Reached skill level 1 in Evocations
  5920 | D:6      | Reached XP level 9. HP: 75/81 MP: 9/11
  6078 | D:6      | Got a bloodstained rapier
  6293 | D:7      | Reached skill level 5 in Evocations
  6711 | D:7      | Found a snail-covered altar of Cheibriados.
  6838 | D:7      | Became a worshipper of Cheibriados the Contemplative
  7370 | Temple   | Learned a level 2 spell: Blink
  7373 | Temple   | Learned a level 2 spell: Call Imp
  7503 | D:8      | Found Syqubbad's Antique Weapon Boutique.
  7577 | D:8      | Noticed Agrougrou's ghost (novice DsFi)
  7586 | D:8      | Killed Agrougrou's ghost
  7613 | D:8      | Reached XP level 10. HP: 82/88 MP: 9/13
  7621 | D:8      | Reached * piety under Cheibriados
  7752 | D:8      | Found Geim Ist's Antique Armour Emporium.
  7819 | D:8      | Noticed a two-headed ogre
  7827 | D:8      | Killed a two-headed ogre
  7898 | D:8      | You fall through a shaft for 2 floors!
  7898 | D:10     | Entered Level 10 of the Dungeon
  7988 | D:9      | Found Eniesebi's Assorted Antiques.
  7988 | D:9      | Found a staircase to the Orcish Mines.
  8023 | D:9      | Reached ** piety under Cheibriados
  8038 | D:9      | Reached skill level 1 in Throwing
  8038 | D:9      | Reached skill level 1 in Invocations
  8162 | D:9      | Bought a scroll of identify for 48 gold pieces
  8162 | D:9      | Bought a scroll of identify for 48 gold pieces
  8162 | D:9      | Bought a hat for 96 gold pieces
  8162 | D:9      | Bought an emerald ring for 120 gold pieces
  8162 | D:9      | Bought a fluorescent wand for 96 gold pieces
  8162 | D:9      | Bought a scroll of identify for 48 gold pieces
  8165 | D:9      | Identified a scroll of acquirement
  8989 | D:8      | Found Geocs's General Store.
  8999 | D:8      | Bought a scroll of fog for 28 gold pieces
  8999 | D:8      | Bought a scroll of magic mapping for 49 gold pieces
  9360 | D:10     | Reached *** piety under Cheibriados
  9372 | D:10     | Reached XP level 11. HP: 37/94 MP: 7/14
  9796 | D:10     | Killed an unseen horror
 10081 | D:10     | Noticed a centaur warrior
 10090 | D:10     | Killed a centaur warrior
 10090 | D:10     | Reached skill level 5 in Throwing
 10090 | D:10     | Reached skill level 5 in Invocations
 10143 | D:10     | Found Biemno Iriji's Book Boutique.
 10353 | D:11     | Reached **** piety under Cheibriados
 10616 | D:11     | Found a staircase to the Lair.
 10893 | D:11     | Noticed a red ugly thing
 10899 | D:11     | Killed a red ugly thing
 10916 | D:11     | Reached ***** piety under Cheibriados
 11452 | D:12     | Noticed a four-headed hydra
 11457 | D:12     | Killed a five-headed hydra
 11457 | D:12     | Reached XP level 12. HP: 82/103 MP: 11/17
 11996 | D:12     | Noticed a rakshasa
 12008 | D:12     | Killed a rakshasa
 12747 | D:12     | Reached skill level 10 in Long Blades
 12752 | D:12     | Reached skill level 10 in Fighting
 12759 | D:12     | Reached ****** piety under Cheibriados
 13404 | D:13     | Found a frozen archway.
 13427 | IceCv    | Entered an ice cave
 13989 | IceCv    | Noticed an ice dragon
 13990 | IceCv    | Noticed an ice dragon
 13998 | IceCv    | Killed an ice dragon
 14002 | IceCv    | Killed an ice dragon
 14054 | IceCv    | Got a warped iron ring
 14294 | D:13     | Identified the ring "Xeraisif" {rCorr MP+9} (You found it in an ice cave)
 14355 | D:13     | Reached skill level 10 in Armour
 14356 | D:13     | Reached XP level 13. HP: 53/113 MP: 11/18
 14459 | D:13     | Reached skill level 10 in Shields
 14465 | D:13     | Reached skill level 10 in Dodging
 14817 | D:13     | Noticed Azrael
 14842 | D:13     | Killed Azrael
 15108 | Lair:1   | Entered Level 1 of the Lair of Beasts
 15205 | Lair:1   | Noticed Totori's ghost (journeyman DrTm)
 15220 | Lair:1   | Killed Totori's ghost
 15926 | Lair:2   | Reached skill level 10 in Invocations
 16176 | Lair:2   | Found a sparkling altar of Nemelex Xobeh.
 16240 | Lair:2   | Found a hole to the Spider Nest.
 17123 | Lair:3   | Found a runed door.
 17346 | Lair:3   | Found a staircase to the Swamp.
 17727 | Lair:3   | Reached skill level 10 in Evocations
 18048 | Lair:4   | Reached XP level 14. HP: 121/121 MP: 20/20
 18358 | Lair:4   | Noticed Urug
 18377 | Lair:4   | Killed Urug
 19685 | Lair:5   | Found an opulent altar of Gozag.
 20327 | Lair:6   | Entered Level 6 of the Lair of Beasts
 20327 | Lair:6   | Found a staircase to the Slime Pits.
 20590 | Lair:6   | Reached skill level 10 in Throwing
 20903 | Lair:6   | Found a large runed door.
 20918 | Lair:6   | Found a large runed door.
 21220 | Lair:6   | Reached skill level 1 in Spellcasting
 21471 | Orc:1    | Entered Level 1 of the Orcish Mines
 21474 | Orc:1    | Noticed Gastronok
 21490 | Orc:1    | Killed Gastronok
 21544 | Orc:1    | Reached XP level 15. HP: 71/126 MP: 12/21
 22211 | Orc:2    | Entered Level 2 of the Orcish Mines
 22754 | Orc:2    | Noticed Rupert
 22767 | Orc:2    | Killed Rupert
 22901 | Orc:2    | Found a staircase to the Elven Halls.
 23104 | Orc:2    | Noticed Sonja
 23182 | Orc:2    | Killed Sonja
 23279 | Orc:2    | Reached skill level 5 in Spellcasting
 23301 | Orc:2    | HP: 6/189 [orc warrior/glaive (27)]
 23303 | Orc:2    | Mangled by an orc warrior

Skill      XL: |  1  2  3  4  5  6  7  8  9 10 11 12 13 14 15 |
---------------+----------------------------------------------+-----
Long Blades    | 3 6 7 8 10 12 | 12.0
Armour         | 4 5 6 8 10 | 10.0
Dodging        | 1 5 6 8 9 10 | 10.0
Shields        | 4 5 6 8 9 10 | 10.0
Fighting       | 4 8 10 | 10.0
Evocations     | 4 6 10 | 10.0
Throwing       | 4 8 12 | 12.0
Invocations    | 4 8 10 | 10.0
Spellcasting   | 3 5 |  5.1

Action                   |  1- 3 |  4- 6 |  7- 9 | 10-12 | 13-15 || total
-------------------------+-------+-------+-------+-------+-------++-------
Melee: Long sword        |    43 |   268 |   270 |       |       ||   581
       Headbutt          |     7 |    30 |   107 |   279 |   320 ||   743
       Scimitar          |       |       |   144 |   642 |   768 ||  1554
Throw: Javelin           |       |     1 |       |     4 |    19 ||    24
Invok: Slouch            |       |       |       |       |     1 ||     1
Evoke: Wand              |       |       |       |     4 |     2 ||     6
       Lamp of fire      |       |       |       |       |     1 ||     1
       Sack of spiders   |       |       |       |       |     1 ||     1
  Use: Potion            |     1 |     7 |       |     7 |     9 ||    24
       Scroll            |       |    15 |     7 |    16 |    16 ||    54
 Stab: Confused          |       |       |       |       |     1 ||     1
       Paralysed         |       |       |       |       |     1 ||     1
  Eat: Chunk             |       |     3 |    17 |    10 |    14 ||    44
       Ration            |       |     1 |       |     1 |     1 ||     3
Armor: Scale mail        |    21 |   174 |    85 |       |       ||   280
       Chain mail        |       |       |    26 |   166 |       ||   192
       Plate armour      |       |       |       |    66 |   268 ||   334
       Skin              |       |       |       |       |     2 ||     2
Dodge: Dodged            |    12 |    87 |   108 |   341 |   475 ||  1023
Block: Shield            |    26 |   154 |   173 |   487 |   682 ||  1522
       Rpst.: Long sword |     2 |    22 |    11 |       |       ||    35
       Scimitar          |       |       |    19 |    74 |   100 ||   193
